 Dungeon Crawl Stone Soup version 0.21-a0-154-gb5400c9 (webtiles) character file.

79 KarmaPolice the Charmwright (level 4, -2/35 HPs)
             Began as a Barachi Skald on Aug 3, 2017.
             Killed by divine providence
             ... invoked by an orc priest
              (13 damage)
             ... on level 3 of the Dungeon.
             The game lasted 00:06:01 (2330 turns).

KarmaPolice the Charmwright (Barachi Skald)         Turns: 2330, Time: 00:06:02

Health: -2/35      AC:  5    Str: 13    XL:     4   Next: 38%
Magic:  5/8        EV: 12    Int: 13    God:
Gold:   98         SH:  0    Dex: 12    Spells: 4/9 levels left

rFire    . . .     SeeInvis .   a - +0 falchion
rCold    . . .     Gourm    .   (no shield)
rNeg     . . .     Faith    .   b - +0 leather armour
rPois    .         Spirit   .   (no helmet)
rElec    .         Reflect  .   j - scarf {cloud immunity}
rCorr    .         Harm     .   (no gloves)
MR       .....                  e - +1 pair of boots
Stlth    +.........             (no amulet)
HPRegen  0.11/turn              (no ring)
MPRegen  0.11/turn              (no ring)

@: shrouded, infused (expiring), slow
A: +LOS, swims, slowness 1, strong legs 1
a: Hop


You were on level 3 of the Dungeon.
You were not hungry.

You visited 1 branch of the dungeon, and saw 4 of its levels.

You collected 98 gold pieces.

Inventory:

Hand Weapons
 a - a +0 falchion (weapon)
Armour
 b - a +0 leather armour (worn)
 e - a +1 pair of boots (worn)
 j - a scarf of cloud immunity (worn)
Wands
 l - a wand of digging (14/24)
Scrolls
 g - a scroll of amnesia {unknown}
 i - 2 scrolls of identify {unknown}
 k - a scroll of teleportation {unknown}
Potions
 h - a potion of curing {unknown}
Books
 c - a book of Battle

   Spells                             Type                      Level
   a - Infusion                       Charms                       1
   b - Shroud of Golubria             Charms/Translocation         2
   c - Song of Slaying                Charms                       2
   d - Spectral Weapon                Hexes/Charms                 3
   e - Regeneration                   Charms/Necromancy            3
Comestibles
 d - 2 bread rations


   Skills:
 + Level 3.5 Fighting
 + Level 3.1 Long Blades
 - Level 1.2 Armour
 - Level 2.1 Dodging
 - Level 3.0 Spellcasting
 + Level 4.0 Charms
 + Level 0.0 Translocations


You had 4 spell levels left.
You knew the following spells:

 Your Spells              Type           Power        Failure   Level  Hunger
a - Infusion              Chrm           ##..         5%          1    #......
b - Shroud of Golubria    Chrm/Tloc      #.........   19%         2    ###....
c - Song of Slaying       Chrm           ##......     9%          2    ###....


Dungeon Overview and Level Annotations

Branches:
Dungeon (4/15)
 Temple: D:4-7

Altars:

Annotations:
D:3 KarmaPolice's ghost, amateur BaSk


Innate Abilities, Weirdness & Mutations

Shadows flee at your approach. (+LOS)
You can swim through water.
You cover ground slowly.
You can hop short distances.


Message History

Space distorts slightly along a thin shroud covering your body.
You climb downwards.
Level annotation: KarmaPolice's ghost, amateur BaSk
There is a stone staircase leading up here.
Your magical infusion is running out.
The orc priest mumbles some strange prayers to Beogh against you.
Beogh smites you!
You hit the orc priest.
The orc priest is lightly wounded.
The orc priest invokes the aid of Beogh against you.
Beogh smites you!
* * * LOW HITPOINT WARNING * * *
The orc priest barely misses you.
You are too injured to fight recklessly!
You are too injured to fight recklessly!
You barely miss the orc priest.
The orc priest is lightly wounded.
The orc priest calls down the wrath of Beogh upon you.
Beogh smites you!
You die...

.. #..#.#.#
#######..#.#.#
#..........#
#.###r.###.##
####.# #.##
##.# ..<..(##.#
#.# #......)##
##.#
#........###.##
...#..##†#o@.<#
...#..##.###..#
..............#
......##.###..#
..............#
.........###.##
...####### #.#
.. #.# . #.#


You could see an orc priest.

Vanquished Creatures
  2 adders
  3 leopard geckos
  4 orcs
  7 bats
  3 giant cockroaches
  2 goblins (D:1)
  4 hobgoblins
  4 jackals (D:1)
  13 kobolds
  A quokka (D:2)
  A ball python (D:3)
  7 rats
51 creatures vanquished.

Vanquished Creatures (others)
  A plant (D:2)
  4 toadstools (D:1)
5 creatures vanquished.

Grand Total: 56 creatures vanquished

Notes
Turn   | Place    | Note
-------+----------+-------------------------------------------
     0 | D:1      | KarmaPolice the Barachi Skald began the quest for the Orb.
     0 | D:1      | Reached XP level 1. HP: 17/17 MP: 3/3
    42 | D:1      | Reached XP level 2. HP: 12/23 MP: 3/5
   533 | D:1      | Reached XP level 3. HP: 27/28 MP: 7/7
  1173 | D:2      | You fall through a shaft for 2 floors!
  1209 | D:3      | Noticed KarmaPolice's ghost (amateur BaSk)
  1409 | D:2      | Learned a level 2 spell: Shroud of Golubria
  1412 | D:2      | Learned a level 2 spell: Song of Slaying
  1663 | D:2      | Reached XP level 4. HP: 35/35 MP: 8/8
  2013 | D:2      | Reached skill level 4 in Charms
  2330 | D:3      | Killed from afar by an orc priest

Vault maps used:
D:1:      ldierk_water_garden, hex_medium, minmay_misc_feat_iff
D:2:      serial_curves, eino_curves_04, eino_curves_02, nrook_mini_backslash,
          lexackson_kobold_supper
D:3:      feat_on_display
D:4:      uniq_grinder, uniq_duvessa

Skill      XL: |  1  2  3  4 |
---------------+-------------+-----
Fighting       | 3 |  3.5
Spellcasting   | 3 |  3.0
Long Blades    | 3 |  3.1
Charms         | 4 |  4.0
Armour         | |  1.2
Dodging        | |  2.1

Action                   |  1- 3 |  4- 6 || total
-------------------------+-------+-------++-------
Melee: Falchion          |   112 |    60 ||   172
 Cast: Infusion          |     5 |     6 ||    11
       Shroud of Golubri |     1 |     4 ||     5
  Eat: Chunk             |     3 |     3 ||     6
Armor: Leather armour    |    66 |    11 ||    77
Dodge: Dodged            |    99 |    23 ||   122
       Rpst.: Falchion   |    27 |     8 ||    35
